 Dungeon Crawl Stone Soup version 0.23.1 (webtiles) character file.

Game seed: 0

448110 kuilvaprogi the Conqueror (level 23, -27/240 HPs)
             Began as a Minotaur Gladiator on Feb 28, 2019.
             Was the Champion of Dithmenos.
             Killed from afar by Xtahua (46 damage)
             ... with a searing blast
             ... on level 5 of the Vaults on Mar 5, 2019.
             The game lasted 09:51:29 (70292 turns).

kuilvaprogi the Conqueror (Minotaur Gladiator)     Turns: 70292, Time: 09:51:30

Health: -27/240    AC: 47    Str: 31    XL:     23   Next: 14%
Magic:  0/26       EV: 16    Int:  9    God:    Dithmenos [******]
Gold:   3788       SH: 19    Dex: 13    Spells: 26/28 levels left

rFire    . . .     SeeInvis +   a - +10 scimitar "Owkul" {pain, *Noise rElec MR+ Int+4}
rCold    . . .     Gourm    .   H - +2 shield {AC+3}
rNeg     . . .     Faith    .   N - +8 crystal plate armour
rPois    .         Spirit   +   A - +2 hat {SInv}
rElec    +         Reflect  +   L - scarf {Spirit}
rCorr    .         Harm     .   O - +0 pair of gloves
MR       ++...                  Z - +2 pair of boots
Stlth    ..........             S - +2 amulet of reflection
HPRegen  0.50/turn              Y - +3 ring of strength
MPRegen  0.20/turn              o - +3 ring of protection

@: corroded, hasted, wreathed by umbra, very quick
A: retaliatory headbutt, horns 2, blurry vision 1
}: 2/15 runes: serpentine, barnacled
a: Shadow Step, Shadow Form, Renounce Religion


You were on level 5 of the Vaults.
You worshipped Dithmenos.
Dithmenos was exalted by your worship.
You were hungry.

You visited 8 branches of the dungeon, and saw 40 of its levels.
You visited the Abyss 2 times.
You visited 1 bazaar.
You also visited: Ice Cave and Wizlab.

You collected 5368 gold pieces.
You spent 1580 gold pieces at shops.

Inventory:

Hand Weapons
 a - the +10 scimitar "Owkul" (weapon) {pain, *Noise rElec MR+ Int+4}
   (You bought it in a shop on level 2 of the Shoals)

   In the hands of one skilled in necromantic magic, it inflicts extra damage on
   living creatures.
   It affects your intelligence (+4).
   It insulates you from electricity.
   It affects your resistance to hostile enchantments.
   It may make noises in combat.
 b - a +8 hunting sling of velocity
Missiles
 d - 11 throwing nets (quivered)
 i - 292 stones
 y - 42 sling bullets
Armour
 A - a +2 hat of see invisible (worn)
 H - a +2 shield of protection (worn)
 L - a scarf of spirit shield (worn)
 N - a +8 crystal plate armour (worn)
 O - a +0 pair of gloves (worn)
 Z - a +2 pair of boots (worn)
Jewellery
 o - a +3 ring of protection (right hand)
 r - an uncursed ring of poison resistance
 D - an uncursed ring of resist corrosion
 S - a +2 amulet of reflection (around neck)
 V - an uncursed amulet of regeneration
 Y - a +3 ring of strength (left hand)
Wands
 e - a wand of paralysis (20)
 F - a wand of iceblast (32)
 I - a wand of clouds (12)
 K - a wand of polymorph (6)
 P - a wand of digging (4)
 R - a wand of flame (101)
 X - a wand of acid (27)
Scrolls
 c - 4 scrolls of teleportation
 h - 12 scrolls of amnesia
 k - a scroll of brand weapon
 l - 3 scrolls of fear
 n - a scroll of magic mapping
 q - 30 scrolls of remove curse
 v - 11 scrolls of fog
 w - 11 scrolls of identify
Potions
 g - 5 potions of lignification
 j - 7 potions of mutation
 m - 4 potions of curing
 p - 5 potions of agility
 s - 7 potions of flight
 u - 4 potions of invisibility
 x - a potion of cancellation
 z - a potion of ambrosia
 B - 4 potions of might
 E - 2 potions of magic
 G - 3 potions of berserk rage
 J - a potion of resistance
Miscellaneous
 Q - a fan of gales
 T - a lightning rod (4/4)
 W - a phial of floods
Comestibles
 f - 23 rations


   Skills:
 O Level 27 Fighting
 - Level 14.0 Long Blades
 - Level 11.9(12.0) Slings
 - Level 2.0(7.3) Throwing
 + Level 23.7 Armour
 + Level 17.9 Dodging
 - Level 15.0 Shields
 - Level 3.0 Spellcasting
 - Level 2.0 Translocations


You had 26 spell levels left.
You knew the following spells:

 Your Spells              Type           Power        Failure   Level  Hunger
a - Blink                 Tloc           N/A          77%         2    ###....

Your spell library contained the following spells:

 Spells                   Type           Power        Failure   Level  Hunger
 Apportation              Tloc           #.....       63%         1    ##.....
 Beastly Appendage        Tmut           #.....       89%         1    ##.....
 Confusing Touch          Hex            #.....       89%         1    ##.....
 Corona                   Hex            #......      89%         1    ##.....
 Freeze                   Ice            #...         89%         1    ##.....
 Infusion                 Chrm           #...         89%         1    ##.....
 Magic Dart               Conj           #...         89%         1    ##.....
 Shock                    Conj/Air       #...         89%         1    ##.....
 Sting                    Conj/Pois      #...         89%         1    ##.....
 Summon Butterflies       Summ           #.......     89%         1    ##.....
 Summon Small Mammal      Summ           #...         89%         1    ##.....
 Shroud of Golubria       Chrm/Tloc      #.........   89%         2    ###....
 Gell's Gravitas          Tloc           #.........   94%         3    ####...
 Lesser Beckoning         Tloc           #.........   94%         3    ####...
 Teleport Other           Tloc           #.......     94%         3    ####...
 Call Imp                 Summ           #.......     96%         2    ###....
 Ensorcelled Hibernation  Hex/Ice        #.....       96%         2    ###....
 Passwall                 Tmut/Erth      #.......     96%         2    ###....
 Poisonous Vapours        Pois/Air       #.....       96%         2    ###....
 Searing Ray              Conj           #.....       96%         2    ###....
 Sublimation of Blood     Necr           #.........   96%         2    ###....
 Swiftness                Chrm/Air       #.......     96%         2    ###....
 Throw Flame              Conj/Fire      #.....       96%         2    ###....
 Recall                   Summ/Tloc      N/A          98%         3    ####...
 Call Canine Familiar     Summ           #.......     99%         3    ####...
 Confuse                  Hex            #.......     99%         3    ####...
 Dazzling Spray           Conj/Hex       #.....       99%         3    ####...
 Ignite Poison            Fire/Tmut/Pois #.......     99%         3    ####...
 Mephitic Cloud           Conj/Pois/Air  #.......     99%         3    ####...
 Static Discharge         Conj/Air       #.......     99%         3    ####...
 Summon Guardian Golem    Hex/Summ       #.......     99%         3    ####...
 Tukima's Dance           Hex            #.......     99%         3    ####...
 Airstrike                Air            #.........   100%        4    #####..
 Cause Fear               Hex            #.........   100%        4    #####..
 Force Lance              Conj/Tloc      #.......     100%        4    #####..
 Fulminant Prism          Conj/Hex       #.........   100%        4    #####..
 Iskenderun's Mystic Bla  Conj           #.......     100%        4    #####..
 Passage of Golubria      Tloc           N/A          100%        4    #####..
 Petrify                  Tmut/Erth      #.......     100%        4    #####..
 Summon Ice Beast         Ice/Summ       #.......     100%        4    #####..
 Summon Lightning Spire   Summ/Air       #.......     100%        4    #####..
 Alistair's Intoxication  Tmut/Pois      #.......     100%        5    ######.
 Aura of Abjuration       Summ           #.........   100%        5    ######.
 Bolt of Magma            Conj/Fire/Erth #.........   100%        5    ######.
 Excruciating Wounds      Chrm/Necr      #.........   100%        5    ######.
 Iskenderun's Battlesphe  Conj/Chrm      #.......     100%        5    ######.
 Lee's Rapid Deconstruct  Erth           #.........   100%        5    ######.
 Lightning Bolt           Conj/Air       #.........   100%        5    ######.
 Metabolic Englaciation   Hex/Ice        #.........   100%        5    ######.
 Silence                  Hex/Air        #.........   100%        5    ######.
 Summon Demon             Summ           #.........   100%        5    ######.
 Summon Forest            Summ/Tloc      #.........   100%        5    ######.
 Summon Mana Viper        Hex/Summ       #.......     100%        5    ######.
 Venom Bolt               Conj/Pois      #.........   100%        5    ######.
 Yara's Violent Unravell  Hex/Tmut       #.........   100%        5    ######.
 Conjure Ball Lightning   Conj/Air       #.........   100%        6    #######
 Darkness                 Hex            #.........   100%        6    #######
 Deflect Missiles         Chrm/Air       #.........   100%        6    #######
 Dispersal                Tloc           #.........   100%        6    #######
 Freezing Cloud           Conj/Ice/Air   #.........   100%        6    #######
 Invisibility             Hex            #.......     100%        6    #######
 Iron Shot                Conj/Erth      #.........   100%        6    #######
 Shadow Creatures         Summ           N/A          100%        6    #######
 Simulacrum               Ice/Necr       #.........   100%        6    #######
 Statue Form              Tmut/Erth      #........    100%        6    #######
 Dragon Form              Tmut           #.........   100%        7    #######
 Orb of Destruction       Conj           #.........   100%        7    #######
 Spellforged Servitor     Conj/Summ      #.........   100%        7    #######
 Summon Hydra             Summ           #.........   100%        7    #######
 Discord                  Hex            #.........   100%        8    #######
 Dragon's Call            Summ           #.........   100%        9    #######


Dungeon Overview and Level Annotations

Branches:
Dungeon (15/15)            Temple (0/1) D:7            Lair (6/6) D:9
 Shoals (4/4) Lair:4        Snake (4/4) Lair:2        Slime (1/5) Lair:5
    Orc (2/2) D:11            Elf (3/3) Orc:2        Vaults (5/5) D:13
  Crypt (0/3) Vaults:2     Depths (0/5) D:15

Altars:
Dithmenos
Elyvilon
Fedhas
Gozag
Kikubaaqudgha
Sif Muna
Yredelemnul
The Shining One
Beogh

Shops:
D:4 (   D:5 *   D:8 =[   D:10 *   D:12 %   D:13 %   Orc:2 =![[   Elf:1 [
Shoals:2 (*:(   Snake:1 *   Snake:4 (   Vaults:1 !   Vaults:3 :

Annotations:
D:9 3 runed translucent doors, D1HalberdGnoll's ghost, novice GrFi; Jukra's ghost, novice MiBe
Lair:5 3 runed translucent doors, Panli's ghost, journeyman CeAM
Shoals:3 2 transporters
Snake:3 3 runed translucent doors, exclusion: oklob plant, mif's ghost, journeyman MiBe
Vaults:5 Bai Suzhen; Xtahua


Innate Abilities, Weirdness & Mutations

You reflexively headbutt those who attack you in melee.
You have a pair of horns on your head.
Scrolls take you a little longer to read.


Message History

You feel yourself speed up.
The storm dragon breathes lightning at you.
The bolt of lightning misses you.
Bai Suzhen roars!
An ogre comes into view. It is wielding a +0 giant spiked club.
The storm dragon bites you but does no damage.
The storm dragon claws you but does no damage.
You block the storm dragon's attack.
Your hearing returns. 2 ogres come into view.
The four-headed hydra roars!
The ogre shouts! x2
The vault guard hits you from afar with a +3 bardiche of venom!
* * * LOW HITPOINT WARNING * * *
You emit a cloud of dark smoke.
The tengu reaver hits you but does no damage.
The ogre mage barely misses you. You furiously retaliate!
You headbutt the ogre mage! Xtahua breathes flames at you.
The searing blast hits you!!!
You die...

...#...........#O§..#.##..
#...#......D.cO#....#.# ?
#...#.......O.#....# .
#...#.....p..#....# $
#...#....pp.#....# ?#
#...#.d....#....#
##...#pp.O.#....#
##...#.§O.# ##ppQ#p@.#
##..Q#§§# ##*.D#.# ##.D.##
##...# ##..# #.# .# .#


You could see Bai Suzhen, Xtahua, an ironheart preserver, a storm dragon, a
tengu reaver, a yaktaur captain, a four-headed hydra, 3 vault guards, an ogre
mage (invisible), 2 vault sentinels, 3 ogres and a battlesphere.

Vanquished Creatures
  Mennas (Vaults:4)
  Boris (Vaults:3)
  Vashnia (Snake:2)
  A tentacled monstrosity (Abyss:3)
  A Cloud Mage (WizLab)
  Rupert (D:12)
  A deep elf blademaster (Elf:2)
  2 acid blobs (Slime:1)
  2 krakens
  Polyphemus (Shoals:4)
  An Executioner (Abyss:3)
  4 tentacled starspawn (Abyss:3)
  3 fire giants
  A tengu reaver (D:12)
  Ilsuiw (Shoals:4)
  18 nagarajas (Snake:4)
  9 deep elf sorcerers
  8 vault wardens
  2 orc warlords
  3 frost giants
  Aizul (Snake:2)
  9 deep elf elementalists (Elf:3)
  13 ironheart preservers
  6 very ugly things
  2 entropy weavers
  7 deep elf demonologists
  5 stone giants
  4 dire elephants (Lair:6)
  A vampire knight (Vaults:2)
  12 deep elf annihilators
  A spark wasp (WizLab)
  4 deep elf death magi
  A blizzard demon (WizLab)
  5 merfolk javelineers
  Snorg (D:14)
  4 ettins
  10 merfolk impalers
  3 fire dragons
  A jiangshi (Abyss:3)
  Josephine (Lair:4)
  Erolcha (Orc:1)
  Fannar (D:12)
  2 rakshasas (Vaults:2)
  3 yaktaur captains
  4 deep elf high priests (Elf:3)
  Harold (D:9)
  26 vault guards
  16 hydras
  3 ghost crabs (WizLab)
  Erica (D:11)
  29 naga warriors
  5 death knights
  An ice dragon (Vaults:3)
  8 anacondas
  A merfolk avatar (Shoals:1)
  A spriggan air mage (WizLab)
  12 centaur warriors
  A catoblepas (Shoals:4)
  5 merfolk aquamancers
  30 two-headed ogres
  29 dancing weapons
  4 alligator snapping turtles
  2 deep troll shamans (Vaults:3)
  10 death yaks
  A satyr (Shoals:4)
  A vampire mage (Abyss:3)
  24 naga sharpshooters
  13 ogre magi
  A titan zombie (Vaults:4)
  2 tengu warriors (D:15)
  2 thrashing horrors (Abyss:3)
  5 orc high priests (Orc:2)
  A hell knight (D:12)
  Nergalle (Orc:1)
  16 deep elf knights
  10 shock serpents
  A soul eater (Vaults:2)
  5 skeletal warriors (Vaults:2)
  7 wretched stars (Abyss:3)
  A shadow wraith (Abyss:3)
  4 death drakes (WizLab)
  5 naga ritualists
  A glowing orange brain (Vaults:3)
  4 salamander mystics
  5 deep trolls
  14 sea snakes
  A spatial maelstrom (Abyss:3)
  17 starcursed masses (Abyss:3)
  4 unseen horrors
  16 orc knights
  A necromancer (Vaults:4)
  13 ironbrand convokers
  4 flayed ghosts
  13 deep elf archers
  A harpy (shapeshifter) (Vaults:3)
  24 harpies
  3 wizards
  Pikel (D:9)
  A phantasmal warrior (D:12)
  4 orc sorcerers
  21 ugly things
  3 wolf spiders
  An oklob plant (Snake:3)
  12 mana vipers
  11 manticores
  2 wolf spider zombies
  62 deep elf magi
  6 salamanders (Snake:3)
  8 cyclopes
  3 fauns (Shoals:2)
  7 large abominations (Abyss:3)
  A worldbinder (Abyss:3)
  10 merfolk sirens
  A human skeleton (Vaults:4)
  19 elephants
  26 naga magi
  32 black mambas
  A centaur zombie (D:11)
  A torpor snail (shapeshifter) (Vaults:1)
  4 apocalypse crabs
  A torpor snail (Lair:4)
  A water nymph (shapeshifter) (D:15)
  A gargoyle (D:14)
  Psyche (D:9)
  4 guardian serpents
  2 orange demons (Abyss:3)
  9 vault sentinels
  3 water nymphs
  A black mamba (shapeshifter) (Vaults:1)
  7 spiny frogs
  An eye of devastation (Lair:5)
  2 smoke demons (Abyss:3)
  A spiny frog (shapeshifter) (D:12)
  A rime drake (shapeshifter) (Elf:2)
  A yaktaur zombie (Vaults:4)
  2 kobold demonologists (D:15)
  2 rime drakes (Orc:2)
  11 freezing wraiths
  5 komodo dragons
  A tormentor (Abyss:3)
  A human zombie (Vaults:4)
  A harpy zombie (D:15)
  27 yaktaurs
  A demonic crawler (Abyss:3)
  26 merfolk
  13 polar bears
  A queen bee (shapeshifter) (Vaults:3)
  9 trolls
  A jumping spider (Vaults:2)
  A tyrant leech (shapeshifter) (Vaults:2)
  10 wind drakes
  A hornet (Vaults:4)
  46 slime creatures
  A hippogriff (shapeshifter) (Vaults:1)
  A blink frog (shapeshifter) (Vaults:4)
  25 blink frogs
  Prince Ribbit (D:7)
  14 snapping turtles
  9 hippogriffs
  8 dream sheep
  A raiju (shapeshifter) (D:14)
  A redback (shapeshifter) (Vaults:3)
  13 air elementals
  4 redbacks
  61 yaks
  3 shadows
  16 water elementals
  A vampire (Abyss:3)
  2 ynoxinuls (Abyss:3)
  10 wraiths
  3 wyverns
  8 basilisks
  2 fire bats (Abyss:3)
  17 humans
  A chaos spawn (Abyss:3)
  2 fire elementals
  3 hungry ghosts
  4 vampire mosquitoes (D:15)
  A neqoxec (Abyss:3)
  3 hogs (D:7)
  5 wargs
  Menkaure (D:5)
  68 nagas
  Edmund (D:5)
  A soldier ant (D:12)
  8 water moccasins
  7 porcupines
  63 orc warriors
  4 sky beasts
  Duvessa (D:7)
  A slave (D:9)
  4 small abominations (Abyss:3)
  2 black bears
  An ettin simulacrum (Vaults:2)
  4 ice beasts
  2 phantoms
  2 eyes of draining
  A necrophage (D:12)
  40 ogres
  A boggart (Vaults:1)
  20 centaurs
  24 wolves
  4 big kobolds
  13 crocodiles
  24 bullfrogs
  A big kobold (shapeshifter) (Elf:2)
  5 earth elementals
  A wyvern zombie (D:11)
  4 scorpions
  Dowan (D:7)
  5 killer bees (D:10)
  A vampire bat (Lair:3)
  A howler monkey (D:6)
  2 bullfrog zombies
  A quasit (D:8)
  4 crimson imps
  12 hounds
  49 orc priests
  Crazy Yiuf (D:7)
  4 bullfrog skeletons
  9 jellies
  6 centaur skeletons
  5 iguanas
  34 orc wizards
  7 worker ants
  A centaur simulacrum (D:12)
  A hound skeleton (D:6)
  2 howler monkey zombies
  4 gnolls (D:6)
  16 adders
  A shadow imp (D:13)
  2 white imps
  4 ufetubi
  15 oozes (Lair:3)
  An adder skeleton (D:4)
  An adder zombie (D:6)
  2 worms (D:2)
  7 leopard geckos
  124 orcs
  2 ball pythons
  15 bats
  5 giant cockroaches
  4 goblins
  2 hobgoblins
  11 jackals
  A quokka (D:4)
  8 frilled lizards
  A jackal skeleton (D:3)
  9 kobolds
  2 leopard gecko skeletons
  3 rats (D:3)
  A spectral orc (D:9)
  2 crawling corpses (Elf:3)
  2 fungi (Lair:5)
  3 plants
  3 starspawn tentacles (Abyss:3)
  6 tentacles
1933 creatures vanquished.

Vanquished Creatures (collateral kills)
  A yak (IceCv)
  A naga (Snake:4)
2 creatures vanquished.

Vanquished Creatures (others)
  A deep elf master archer (Elf:3)
  A large abomination (Elf:3)
  A stone giant (Vaults:3)
  2 deep elf annihilators
  2 merfolk javelineers (Shoals:4)
  A ghost crab (WizLab)
  A centaur warrior (Vaults:1)
  3 deep elf knights
  A death drake (Abyss:3)
  2 deep elf archers
  2 deep elf magi
  A wolf spider (D:15)
  A merfolk siren (Shoals:4)
  3 yaktaurs
  A rime drake (IceCv)
  3 polar bears (IceCv)
  A yak (IceCv)
  2 slaves (D:9)
  A centaur (Shoals:4)
  An ogre (Vaults:3)
  A wolf (IceCv)
  An orc wizard (D:4)
  An ufetubus (Abyss:3)
  An orc (D:13)
  28 fungi
  A lurking horror (Abyss:3)
  13 plants
  18 starspawn tentacles (Abyss:3)
  12 tentacles
  4 withered plants (D:9)
111 creatures vanquished.

Grand Total: 2046 creatures vanquished

Notes
Turn   | Place    | Note
-------+----------+-------------------------------------------
     0 | D:1      | kuilvaprogi the Minotaur Gladiator began the quest for the
                  | Orb.
     0 | D:1      | Reached XP level 1. HP: 18/18 MP: 0/0
   783 | D:2      | Found a faded altar of an unknown god.
   803 | D:2      | Reached XP level 2. HP: 21/25 MP: 1/1
   812 | D:2      | Reached skill level 3 in Fighting
  1196 | D:2      | Reached XP level 3. HP: 28/31 MP: 2/2
  1504 | D:2      | Reached skill level 5 in Long Blades
  1856 | D:3      | Reached XP level 4. HP: 13/40 MP: 3/3
  2119 | D:3      | Reached skill level 1 in Shields
  2658 | D:3      | Reached XP level 5. HP: 46/46 MP: 4/4
  2667 | D:3      | Reached skill level 4 in Fighting
  3234 | D:3      | Found a blossoming altar of Fedhas.
  3603 | D:3      | Noticed an ogre
  3660 | D:4      | Reached XP level 6. HP: 36/53 MP: 5/5
  4503 | D:4      | Found Quh Jocs's Antique Weapon Shoppe.
  4548 | D:4      | Reached skill level 5 in Fighting
  4560 | D:4      | Reached XP level 7. HP: 31/61 MP: 6/6
  5120 | D:4      | Found a shadowy altar of Dithmenos.
  5123 | D:4      | Became a worshipper of Dithmenos the Shadowed
  5245 | D:5      | Entered Level 5 of the Dungeon
  5397 | D:5      | Found Fueph's Assorted Antiques.
  5404 | D:5      | Bought a scroll of identify for 40 gold pieces
  5508 | D:5      | Noticed Menkaure
  5520 | D:6      | Upgraded the game from 0.23.0-41-g86b089e62c to
                  | 0.23.0-42-geed6394480
  5552 | D:6      | Reached skill level 1 in Armour
  5744 | D:6      | Reached skill level 6 in Fighting
  5757 | D:6      | Reached XP level 8. HP: 60/70 MP: 7/7
  5777 | D:6      | Reached * piety under Dithmenos
  6771 | D:7      | Reached skill level 7 in Fighting
  6771 | D:7      | Reached skill level 10 in Long Blades
  7439 | D:7      | Found a deep blue altar of Sif Muna.
  7462 | D:7      | Reached XP level 9. HP: 60/80 MP: 8/8
  7538 | D:7      | Reached skill level 8 in Fighting
  7557 | D:7      | Reached ** piety under Dithmenos
  7829 | D:7      | Found a runed translucent door.
  7830 | D:7      | Noticed Crazy Yiuf
  7836 | D:7      | Killed Crazy Yiuf
  7936 | D:7      | Found a staircase to the Ecumenical Temple.
  7980 | D:7      | Noticed Prince Ribbit
  7995 | D:7      | Killed Prince Ribbit
  8127 | D:7      | Noticed Dowan
  8129 | D:7      | Noticed Duvessa
  8130 | D:7      | Killed Dowan
  8142 | D:7      | Killed Duvessa
  8267 | D:7      | Found the +2 ratskin cloak {+Rats rPois rN+ Str-1 Int-1
                  | Dex+1}
  8423 | D:7      | Reached XP level 10. HP: 77/88 MP: 9/9
  9170 | D:5      | Noticed Edmund
  9184 | D:5      | Killed Edmund
  9542 | D:3      | Found a glowing golden altar of the Shining One.
 10370 | D:8      | Found Wifoic's Armour Shop.
 10487 | D:4      | Bought a runed long sword for 195 gold pieces
 10856 | D:8      | Found Romn's Jewellery Boutique.
 11086 | D:9      | Reached *** piety under Dithmenos
 11169 | D:9      | Reached skill level 9 in Fighting
 11169 | D:9      | Reached skill level 5 in Armour
 11175 | D:9      | Reached skill level 5 in Dodging
 11281 | D:9      | Noticed Pikel
 11435 | D:9      | Killed Pikel
 11465 | D:9      | Noticed Psyche
 11486 | D:9      | Killed Psyche
 11639 | D:9      | Reached skill level 10 in Fighting
 11700 | D:9      | Noticed a two-headed ogre
 12177 | D:9      | Killed a two-headed ogre
 12374 | D:9      | Reached XP level 11. HP: 100/100 MP: 10/10
 12390 | D:9      | Identified a scroll of acquirement
 12481 | D:9      | Found a runed translucent gate.
 12481 | D:9      | Noticed Jukra's ghost (novice MiBe)
 12481 | D:9      | Noticed D1HalberdGnoll's ghost (novice GrFi)
 12482 | D:9      | Found a runed translucent gate.
 12482 | D:9      | Found a runed translucent gate.
 12506 | D:9      | Noticed Harold
 12536 | D:9      | Killed Harold
 12706 | D:9      | Found a basalt altar of Yredelemnul.
 12756 | D:9      | Found a staircase to the Lair.
 12831 | D:10     | Entered Level 10 of the Dungeon
 12842 | D:10     | Found Lotimes's General Store.
 12871 | D:10     | Bought a scroll of identify for 24 gold pieces
 12871 | D:10     | Bought a scroll of teleportation for 36 gold pieces
 13199 | D:10     | Reached **** piety under Dithmenos
 13504 | D:10     | Noticed an ogre mage
 13631 | D:10     | You fall through a shaft for 3 floors!
 13632 | D:13     | Upgraded the game from 0.23.0-42-geed6394480 to 0.23.1
 13642 | D:13     | Noticed a centaur warrior
 13660 | D:11     | Found a staircase to the Orcish Mines.
 13791 | D:11     | Noticed Erica
 13824 | D:11     | Killed Erica
 14356 | D:11     | Reached skill level 11 in Fighting
 14974 | D:11     | Noticed a two-headed ogre
 14982 | D:11     | Killed a two-headed ogre
 14982 | D:11     | Reached skill level 10 in Armour
 15473 | D:5      | Killed Menkaure
 15738 | D:11     | Killed a centaur warrior
 15740 | D:11     | Reached ***** piety under Dithmenos
 16050 | D:12     | Noticed a green ugly thing
 16063 | D:12     | Noticed a deep elf mage
 16182 | D:12     | Killed a deep elf mage
 16203 | D:12     | Noticed a centaur warrior
 16208 | D:12     | Identified the +6 flail "Geas" {flame, Dex+5}
 16208 | D:12     | Noticed a hell knight
 16229 | D:12     | Killed a centaur warrior
 16229 | D:12     | Reached XP level 12. HP: 95/111 MP: 11/11
 16234 | D:12     | Noticed an ettin
 16492 | Orc:1    | Entered Level 1 of the Orcish Mines
 16494 | Orc:1    | Noticed a stone giant
 16626 | D:11     | Killed a stone giant
 16629 | D:11     | Reached skill level 12 in Fighting
 17008 | Orc:1    | Noticed Erolcha
 17015 | Orc:1    | Killed Erolcha
 17168 | Orc:1    | Noticed an orc warlord
 17176 | Orc:1    | Paralysed by an orc sorcerer for 5 turns
 17186 | Orc:1    | Paralysed by an orc sorcerer for 5 turns
 17425 | D:11     | Killed an orc warlord
 17709 | Orc:1    | Paralysed by an orc sorcerer for 3 turns
 18061 | Orc:1    | Found a runed translucent door.
 18063 | Orc:1    | Noticed Nergalle
 18078 | Orc:1    | Killed Nergalle
 18122 | Orc:1    | Found a roughly hewn altar of Beogh.
 18122 | Orc:1    | HP: 3/113 [orc priest/divine providence (12)]
 18519 | D:11     | Reached skill level 10 in Dodging
 18668 | Orc:1    | Got a glittering bronze ring
 18685 | Orc:1    | Identified the ring "Hawna" {rElec rF+ rN+ MP+9 Str-4} (You
                  | found it on level 1 of the Orcish Mines)
 18971 | Lair:1   | Entered Level 1 of the Lair of Beasts
 19089 | Lair:1   | Reached skill level 5 in Shields
 20081 | Lair:2   | Got a heavily runed glass ring
 20101 | Lair:2   | Identified the ring "Goumuh" {rElec rC+ Stlth+} (You found
                  | it on level 2 of the Lair of Beasts)
 20140 | Lair:2   | Found a staircase to the Snake Pit.
 20897 | Lair:2   | Reached XP level 13. HP: 119/119 MP: 12/12
 21279 | Lair:3   | Reached ****** piety under Dithmenos
 22199 | Lair:3   | Reached skill level 10 in Shields
 22882 | Lair:4   | Noticed Josephine
 22914 | Lair:4   | Killed Josephine
 22929 | Lair:4   | Found a staircase to the Shoals.
 23336 | Lair:4   | You fall through a shaft for 2 floors!
 23336 | Lair:6   | Entered Level 6 of the Lair of Beasts
 23820 | Lair:5   | HP: 4/119 [eight-headed hydra (11)]
 23884 | Lair:5   | Found a runed translucent gate.
 23884 | Lair:5   | Found a runed translucent gate.
 23888 | Lair:5   | Found a runed translucent gate.
 23888 | Lair:5   | Noticed Panli's ghost (journeyman CeAM)
 23890 | Lair:5   | Found a staircase to the Slime Pits.
 24172 | Lair:4   | Reached XP level 14. HP: 80/127 MP: 13/13
 24499 | Lair:5   | Reached skill level 15 in Shields
 24819 | Lair:5   | Reached skill level 1 in Slings
 25435 | Lair:6   | Reached skill level 5 in Slings
 26982 | Lair:6   | Found the +7 Kryia's mail coat {PotionHeal*2 rC+}
 27040 | Lair:6   | Reached skill level 10 in Slings
 27436 | D:12     | Found an opulent altar of Gozag.
 27773 | Orc:2    | Entered Level 2 of the Orcish Mines
 27828 | Orc:2    | Found a frozen archway.
 27834 | IceCv    | Entered an ice cave
 28375 | IceCv    | Reached XP level 15. HP: 134/134 MP: 14/14
 28454 | IceCv    | Noticed a frost giant
 28498 | IceCv    | Killed a frost giant
 28686 | Orc:2    | Found a staircase to the Elven Halls.
 29801 | Orc:2    | Reached skill level 13 in Fighting
 30624 | Orc:2    | Found Asseikh's Armour Emporium.
 30624 | Orc:2    | Found Irhol's Armour Emporium.
 30625 | Orc:2    | Found Uxe Rownit's Distillery.
 30625 | Orc:2    | Found Idghourch's Jewellery Emporium.
 30895 | Snake:1  | Entered Level 1 of the Snake Pit
 31284 | Snake:1  | Found Mozucuph's General Store.
 31446 | Snake:1  | Bought a potion of berserk rage for 60 gold pieces
 31790 | Snake:2  | Noticed Aizul
 32002 | Snake:2  | Killed Aizul
 32002 | Snake:2  | Reached skill level 14 in Fighting
 32573 | Snake:2  | Noticed Vashnia
 33421 | Snake:2  | Killed Vashnia
 33631 | Snake:2  | Reached skill level 15 in Armour
 33781 | Snake:3  | Got a sparkling platinum ring
 33783 | Snake:3  | Identified the ring of Ohueveur {rElec rC+ Int+3 Dex-3}
                  | (You acquired it on level 3 of the Snake Pit)
 33827 | Snake:3  | Found a runed translucent gate.
 33827 | Snake:3  | Found a runed translucent gate.
 33827 | Snake:3  | Found a runed translucent gate.
 33827 | Snake:3  | Noticed mif's ghost (journeyman MiBe)
 33844 | Snake:3  | Reached XP level 16. HP: 133/147 MP: 8/15
 34100 | Snake:3  | Reached skill level 15 in Fighting
 35566 | Snake:4  | Entered Level 4 of the Snake Pit
 35895 | Snake:4  | Found Sacerr's Weapon Boutique.
 35922 | Snake:4  | Reached skill level 16 in Fighting
 37384 | Snake:4  | Reached XP level 17. HP: 154/160 MP: 16/16
 37563 | Snake:4  | Reached skill level 17 in Fighting
 39023 | Snake:4  | Reached skill level 18 in Fighting
 39559 | Snake:4  | Reached skill level 19 in Fighting
 39720 | Snake:4  | Got a serpentine rune of Zot
 40577 | Shoals:1 | Entered Level 1 of the Shoals
 40619 | Shoals:1 | You fall through a shaft!
 40619 | Shoals:2 | Found Nakluik's Book Shoppe.
 41673 | Shoals:1 | Learned a level 2 spell: Blink
 41716 | Shoals:2 | Reached skill level 1 in Translocations
 41822 | Shoals:2 | Reached XP level 18. HP: 149/178 MP: 15/17
 42059 | Shoals:2 | Reached skill level 1 in Spellcasting
 42240 | Shoals:2 | Found Pimmudaeb's Weapon Emporium.
 42413 | Shoals:2 | Found Muptud's General Store.
 42423 | Shoals:2 | Bought a potion of might for 72 gold pieces
 42423 | Shoals:2 | Bought a scroll of identify for 36 gold pieces
 42423 | Shoals:2 | Bought a potion of heal wounds for 90 gold pieces
 42544 | Shoals:2 | Found Qiannoge's Antique Weapon Boutique.
 42552 | Shoals:2 | Bought an ichor-stained scimitar for 252 gold pieces
 42556 | Shoals:2 | Identified the +10 scimitar "Owkul" {pain, *Noise rElec MR+
                  | Int+4} (You bought it in a shop on level 2 of the Shoals)
 42761 | Shoals:3 | Reached skill level 20 in Fighting
 42846 | Shoals:3 | Found a transporter.
 42881 | Shoals:3 | Found the brooch of Shielding {Reflect SH+8}
 43108 | Shoals:3 | Found a transporter.
 43450 | Shoals:4 | Entered Level 4 of the Shoals
 43496 | Shoals:4 | Noticed Polyphemus
 43724 | Shoals:3 | Reached skill level 21 in Fighting
 43773 | Shoals:4 | Killed Polyphemus
 43871 | Shoals:4 | Identified Vaemoawac's Guide on Lucky Translocation
 44557 | Slime:1  | Entered Level 1 of the Pits of Slime
 45847 | D:12     | Noticed Fannar
 45867 | D:12     | Killed Fannar
 45886 | D:12     | Found Biyfuh's Food Shop.
 46122 | D:12     | Identified the Tome of Frigorific Evil
 46356 | D:13     | Found a gate to the Vaults.
 46356 | D:13     | Noticed Rupert
 46388 | D:12     | Paralysed by Rupert for 6 turns
 46402 | D:12     | Killed Rupert
 46402 | D:12     | Reached XP level 19. HP: 110/189 MP: 11/22
 48663 | D:13     | Found Huubuf's Food Emporium.
 49025 | D:14     | Noticed Snorg
 49040 | D:14     | Killed Snorg
 49585 | D:15     | Entered Level 15 of the Dungeon
 49591 | D:15     | Reached skill level 15 in Dodging
 50274 | D:15     | Found a staircase to the Depths.
 50773 | Shoals:4 | Got a jewelled scimitar
 50774 | Shoals:4 | Identified the +6 scimitar of the Inferno {slice, *Contam
                  | +Rage rN+++ Stlth-} (You found it on level 4 of the Shoals)
 50814 | Shoals:4 | Gained mutation: Scrolls take you a little longer to read.
                  | [mutagenic glow]
 51396 | Shoals:4 | Noticed Ilsuiw
 51951 | Shoals:4 | Killed Ilsuiw
 52119 | Shoals:4 | Got a barnacled rune of Zot
 52645 | Elf:1    | Entered Level 1 of the Elven Halls
 52672 | Elf:1    | Found Vienenul's Armour Boutique.
 52987 | Elf:1    | Identified Cean's Papyrus of Contamination
 53580 | Elf:1    | Found an ancient bone altar of Kikubaaqudgha.
 53921 | Elf:1    | Identified Ihoyzua's Papyrus of Creative Confrontation
 54821 | Elf:2    | Found a magical portal.
 54828 | WizLab   | Entered The Chambers of the Cloud Mage
 54835 | WizLab   | Reached XP level 20. HP: 191/198 MP: 23/23
 55526 | WizLab   | Identified the +4 scimitar of the Skies Above {slice, MR-
                  | Str+8 Int+2 SInv}
 56083 | WizLab   | Identified Suleud's Incunabulum of the Birds
 56690 | Elf:2    | Found a runed translucent gate.
 56690 | Elf:2    | Found a runed translucent gate.
 56690 | Elf:2    | Found a runed translucent gate.
 57406 | Elf:3    | Entered Level 3 of the Elven Halls
 57482 | Elf:3    | Found a flickering gateway to a bazaar.
 57494 | Bazaar   | Entered a bazaar
 57494 | Bazaar   | Found Letyrgh's Magic Scroll Boutique.
 57494 | Bazaar   | Found Mubiv's Food Shoppe.
 57494 | Bazaar   | Found Seycw's Distillery.
 57541 | Bazaar   | Found Pinanum's General Store.
 57610 | Bazaar   | Bought a scroll of identify for 20 gold pieces
 57610 | Bazaar   | Bought a scroll of identify for 20 gold pieces
 57610 | Bazaar   | Bought a scroll of enchant weapon for 75 gold pieces
 57610 | Bazaar   | Bought a scroll of teleportation for 30 gold pieces
 57610 | Bazaar   | Bought a scroll of identify for 20 gold pieces
 57610 | Bazaar   | Bought a scroll of enchant weapon for 75 gold pieces
 57610 | Bazaar   | Bought a scroll of enchant weapon for 75 gold pieces
 58038 | Elf:3    | Cast into level 3 of the Abyss (a deep elf demonologist)
 58566 | Abyss:3  | Reached skill level 22 in Fighting
 58652 | Elf:3    | Escaped the Abyss
 59499 | Elf:3    | Identified the +10 trident "Wevuhef" {freeze, *Rage rC+
                  | rN+}
 59898 | Elf:2    | Reached XP level 21. HP: 67/209 MP: 12/24
 60307 | Elf:3    | Identified the Volume of Shifting Clay
 60348 | Elf:3    | Identified the +7 dagger of the Dungeon {pierce, Str+4}
 60410 | Elf:3    | Identified the +1 leather armour of Qigoergh {-Tele rPois
                  | MR+++ Slay-3}
 60696 | Elf:3    | Got an ancient amber ring
 60700 | Elf:3    | Identified the ring of Zemosotz {rN+ AC+5 Str+3 Dex-2} (You
                  | found it on level 3 of the Elven Halls)
 60987 | Elf:3    | Got a translucent pewter amulet
 60990 | Elf:3    | Identified the amulet "Nich" {+Fly Regen+ Dex+2} (You found
                  | it on level 3 of the Elven Halls)
 61153 | Elf:3    | Identified the Catalogue of the Entourage and Orientation
 61155 | Elf:3    | Identified Sif Muna's Almanac of Helpful Ice
 61513 | Vaults:1 | Entered Level 1 of the Vaults
 62208 | Vaults:1 | Found Kymu's Distillery.
 62216 | Vaults:1 | Bought a potion of heal wounds for 100 gold pieces
 62216 | Vaults:1 | Bought a potion of curing for 60 gold pieces
 62216 | Vaults:1 | Bought a potion of curing for 60 gold pieces
 62216 | Vaults:1 | Bought a potion of berserk rage for 100 gold pieces
 62216 | Vaults:1 | Bought a potion of curing for 60 gold pieces
 62216 | Vaults:1 | Bought a potion of might for 80 gold pieces
 62436 | Vaults:1 | Reached skill level 23 in Fighting
 64165 | Vaults:2 | Found a staircase to the Crypt.
 64246 | Vaults:2 | Found a white marble altar of Elyvilon.
 64678 | Vaults:3 | Reached skill level 24 in Fighting
 64686 | Vaults:3 | Reached XP level 22. HP: 222/222 MP: 25/25
 64746 | Vaults:3 | Noticed Boris
 64780 | Vaults:3 | Killed Boris
 65039 | Vaults:3 | Found Coyhonn's Book Emporium.
 65746 | Vaults:3 | Reached skill level 25 in Fighting
 67852 | Vaults:4 | Reached skill level 26 in Fighting
 68650 | Vaults:4 | Cast into level 3 of the Abyss (a deep elf demonologist)
 68888 | Abyss:3  | Paralysed by accursed screaming for 1 turns
 69272 | Vaults:4 | Escaped the Abyss
 69332 | Vaults:5 | Entered Level 5 of the Vaults
 69334 | Vaults:5 | Noticed Mennas
 69500 | Vaults:4 | Reached XP level 23. HP: 238/238 MP: 26/26
 69595 | Vaults:4 | Killed Mennas
 69595 | Vaults:4 | Reached skill level 27 in Fighting
 70255 | Vaults:5 | Paralysed by a floating eye for 4 turns
 70255 | Vaults:5 | Noticed Xtahua
 70260 | Vaults:5 | Noticed Bai Suzhen
 70292 | Vaults:5 | Killed from afar by Xtahua

Skill      XL: |  1  2  3  4  5  6  7  8  9 10 11 12 13 14 15 16 17 18 19 20 21 22 23 |
---------------+----------------------------------------------------------------------+-----
Long Blades    | 4 5 6 7 8 10 14 | 14.0
Fighting       | 3 4 5 6 7 8 10 11 12 14 16 19 21 22 24 26 27 | 27.0
Shields        | 1 2 3 4 7 14 15 | 15.0
Armour         | 2 3 7 11 13 15 17 18 21 22 23 | 23.7
Dodging        | 6 8 10 11 12 13 14 16 17 | 17.9
Slings         | 11 | 11.9
Translocations | 2 |  2.0
Spellcasting   | 3 |  3.0
Throwing       | |  2.0

Action                   |  1- 3 |  4- 6 |  7- 9 | 10-12 | 13-15 | 16-18 | 19-21 | 22-24 || total
-------------------------+-------+-------+-------+-------+-------+-------+-------+-------++-------
Melee: Long sword        |    79 |   140 |   290 |   325 |  1263 |  1265 |       |       ||  3362
       Headbutt          |     9 |    29 |    70 |   152 |   398 |   601 |   625 |   250 ||  2134
       Scimitar          |       |       |       |   389 |   164 |   465 |  2008 |   747 ||  3773
       Hunting sling     |       |       |       |     2 |       |       |     2 |       ||     4
 Fire: Hunting sling     |     2 |     5 |       |   105 |   355 |   404 |   254 |   313 ||  1438
       Blowgun           |       |     8 |       |       |       |       |       |       ||     8
Throw: Stone             |    54 |   101 |   137 |    88 |    10 |       |       |       ||   390
       Tomahawk          |       |       |       |    78 |    64 |    16 |       |       ||   158
       Throwing net      |       |       |       |     3 |     3 |     3 |     1 |       ||    10
Evoke: Wand              |       |       |       |     8 |    17 |     4 |     1 |       ||    30
       Sack of spiders   |       |       |       |       |       |     2 |       |       ||     2
       Phial of floods   |       |       |       |       |       |     2 |       |       ||     2
       Lightning rod     |       |       |       |       |       |       |       |     1 ||     1
  Use: Scroll            |       |       |    12 |    26 |    22 |    11 |    15 |     8 ||    94
       Potion            |       |       |     2 |     6 |     7 |    14 |    12 |     3 ||    44
 Stab: Distracted        |       |       |       |     1 |     1 |     1 |       |       ||     3
       Held in net/web   |       |       |       |     1 |       |     1 |       |       ||     2
       Petrified         |       |       |       |       |       |     4 |       |       ||     4
  Eat: Chunk             |     3 |     6 |     6 |    28 |    23 |    10 |    23 |     7 ||   106
       Ration            |       |     1 |     2 |     3 |     6 |     9 |    11 |     3 ||    35
Armor: Leather armour    |    17 |    14 |       |       |       |       |       |       ||    31
       Plate armour      |       |    35 |   104 |    76 |       |       |       |       ||   215
       Crystal plate arm |       |       |       |   229 |   156 |   416 |   810 |   330 ||  1941
       Chain mail        |       |       |       |    35 |   481 |   124 |       |       ||   640
       Ring mail         |       |       |       |       |       |    58 |       |       ||    58
Dodge: Dodged            |    62 |    47 |    78 |   235 |   692 |   808 |   697 |   260 ||  2879
Block: Buckler           |       |    20 |    30 |   111 |       |       |       |       ||   161
       Shield            |       |       |       |    33 |  1151 |  1450 |  1559 |   628 ||  4821
       Reflection        |       |       |       |       |       |       |   111 |    29 ||   140
       Rpst.: Long sword |    14 |    12 |    21 |    22 |   106 |    84 |       |       ||   259
       Scimitar          |       |       |       |    27 |    13 |    49 |   136 |    40 ||   265
